AoeStats
← MouglieHD

Pilgrims

509898084Analyzed
2v2 RM · 5d ago on Sep 28, 2026· 17m 52s· 4 players
Game mode
Random Map
Map size
Medium (4 player)
Population
200
Speed
Normal
Resources
Standard
Victory
Conquest
Starting age
Dark Age
Ending age
Imperial Age
RankedLock teamsTeams togetherTeam positionsShared explorationLock speedFull tech treeHidden civsTurbo modeCheats
Victory
Defeat
🇫🇷 Huns · France
717
+16
🇫🇷 Khmer · France
703
+17
🇩🇪 Varangians · Germany
751
-18
🇨🇱 Turks · Chile
686
-15
Nick
17:29 Feudal Age
Official-Spyro
4:22 Loom
13:34 Feudal Age
16:31 Horse Collar
Almopro
10:05 Feudal Age
11:44 Wheelbarrow
MouglieHD
10:22 Feudal Age
13:13 Double-Bit Axe
16:37 Castle Age
Connection lost

Rejoining the realm…

Still unreachable

The connection could not be restored.

Session expired

The server has moved on; the page needs a fresh start.